[Event "FIDE WTC-KO 202"]
[Site "Jerusalem"]
[Date "2022.11.23"]
[Round "3.1"]
[White "Vidit, Santosh Gujrathi"]
[Black "Vachier-Lagrave, Maxime"]
[Result "1/2-1/2"]
[ECO "D40"]
[WhiteElo "2662"]
[BlackElo "2775"]
[Annotator "TA"]
[PlyCount "89"]
[EventDate "2022.11.20"]
[EventType "team-tourn"]
[EventCountry "ISR"]
[SourceTitle "playchess.com"]
[Source "ChessBase"]
[SourceQuality "1"]
[TimeControl "180+2"]

1. Nf3 c5 2. c4 Nf6 3. Nc3 Nc6 4. e3 e6 5. d4 d5 6. a3 dxc4 7. Bxc4 a6 {[%emt 0:00:01] D40: Queen's Gambit Declined: Semi-Tarrasch with 5 e3.} 8. Bd3 {[%emt 0:00:06] [#]} b6 $146 ({Predecessor:} 8... b5 9. dxc5 Bxc5 10. b4 Be7 11. O-O Bb7 12. Bb2 O-O 13. Ne4 Nxe4 14. Bxe4 f5 15. Bb1 Qxd1 16. Rxd1 {1-0 (58) Ding,L (2806)-Nakamura,H (2760) Madrid 2022}) 9. dxc5 Bxc5 {[%emt 0:00:02] White is slightly better.} 10. b4 Be7 11. Bb2 Bb7 12. O-O O-O 13. Rc1 Rc8 14. Qe2 b5 15. Rfd1 {[%emt 0:00:19][%cal Od3b5] Strongly threatening Bxb5!} (15. Ne4 {looks sharper.} Nxe4 16. Bxe4 Bf6 17. Rfd1) 15... Qb6 16. Ne4 Nxe4 17. Bxe4 Rfd8 {[%emt 0:00:03] Prevents Rd7.} 18. h4 {[%emt 0:00:36] White has more active pieces.} h6 {[%emt 0:00:03] Prevents Ng5.} 19. h5 Rxd1+ 20. Rxd1 Rd8 (20... Qc7 {is more complex.} 21. Rc1 Qb8 22. Rc2 Na5) 21. Rc1 Bf8 {[%emt 0:00:11] [#]} (21... Bf6 $11) 22. Bb1 $1 $16 Ne7 {[%emt 0:00:08] [#]} 23. Bd4 ({But not} 23. Qc2 f5 $14) (23. Be5 $1 $16 Nd5 24. e4) 23... Qd6 $14 24. Bc5 (24. Qd3 $5 f5 25. Ba2 $14) 24... Qd5 (24... Qd7 {simplifies} 25. Qc2 Nf5 26. e4 Bxc5 27. exf5 Bxf3 28. bxc5 Bc6) 25. Qc2 (25. e4 {simplifies} Qc6 26. Be3 Qd6 27. Qc2) 25... Qf5 {[%emt 0:00:02] Inhibits Qh7+.} 26. Qxf5 Nxf5 27. Bxf8 Bxf3 {[%emt 0:00:02] The position is equal.} 28. gxf3 Kxf8 29. Bxf5 exf5 {[%emt 0:00:01][%mdl 4096] Endgame KR-KR} 30. Rc6 f4 31. exf4 Rd5 32. Rxa6 Rxh5 33. Ra5 g6 34. Kg2 Rf5 35. Kg3 h5 36. Ra7 Rd5 37. Rc7 Rd3 38. Rc5 Rxa3 39. Rxb5 Kg7 40. Rc5 Rb3 41. b5 Rb4 42. Rd5 Kf6 43. Rc5 Kg7 44. Rd5 Kf6 45. Rc5 {[%emt 0:00:03] Weighted Error Value: White=0.10 (very precise) /Black=0.10 (very precise)} 1/2-1/2

[Event "FIDE WTC-KO 202"]
[Site "Jerusalem"]
[Date "2022.11.23"]
[Round "3.1"]
[White "Moussard, Jules"]
[Black "Nihal, Sarin"]
[Result "0-1"]
[ECO "B06"]
[WhiteElo "2634"]
[BlackElo "2616"]
[Annotator "TA"]
[PlyCount "159"]
[EventDate "2022.11.20"]
[EventType "team-tourn"]
[EventCountry "ISR"]
[SourceTitle "playchess.com"]
[Source "ChessBase"]
[SourceQuality "1"]
[TimeControl "180+2"]

1. e4 g6 2. d4 Bg7 3. Nc3 d6 4. Be3 a6 5. h4 h6 6. Qd2 Nd7 7. O-O-O b5 8. Kb1 Bb7 9. f3 Rc8 10. Nh3 c5 11. dxc5 Nxc5 12. Bd4 (12. g4 $14) 12... Nf6 (12... Bxd4 $1 $11 13. Qxd4 Nf6) 13. a3 ({White should try} 13. Nd5 $14) 13... Ne6 $11 14. Be3 Nd7 15. Nd5 (15. Ne2 {is interesting.} Qc7 16. h5 g5 17. Ng3) 15... Ndc5 16. c3 (16. b3 {is more complex.} h5 17. g3 Nd7 18. Nf2) 16... Na4 17. Rc1 Nec5 18. Qd1 $2 (18. Ka2 $1 $11 {and White stays safe.}) 18... Bxd5 19. exd5 Nxb2 $1 20. Kxb2 Na4+ 21. Ka2 (21. Ka1 $2 Nxc3 22. Qb3 Qa5 $19) 21... Nxc3+ (21... Bxc3 22. Qc2 $16) 22. Rxc3 Rxc3 (22... Bxc3 23. Nf4 $11) 23. Bd2 Qa5 24. Bxc3 Qxc3 25. Qb1 $2 (25. Qc1 $17 Qxc1 26. Bxb5+ axb5 27. Rxc1) 25... Qd2+ 26. Kb3 Qxd5+ (26... O-O $142 27. Qc2 Qxd5+ 28. Bc4 bxc4+ 29. Ka2 c3+ 30. Ka1 Qc5 31. Ka2 Qc4+ 32. Kb1 Rb8+ 33. Kc1 Rb2 34. Qxb2 cxb2+ 35. Kd2 Bc3+ 36. Kc2 b1=R 37. g4 Bd4+ 38. Kxb1 Qb3+ 39. Kc1 Be3#) 27. Kc2 $19 O-O 28. Bd3 Rc8+ 29. Kd2 Rc3 $2 (29... Bc3+ 30. Ke2 Qe5+ 31. Kd1 Ba5) 30. Nf4 $19 Qc5 31. Ne2 (31. Rc1 $17 {might work better.}) 31... Rxa3 $19 (31... Qf2 32. Qg1 Qxg1 33. Rxg1 Rxa3 34. h5 $15) 32. Rc1 Qd5 $1 (32... Qf2 33. Qb4 Ra2+ 34. Rc2 Rxc2+ 35. Bxc2 $17) 33. h5 (33. Nf4 {keeps fighting.} Qd4 34. Ne2 Qxh4 35. f4) 33... Qg5+ ({Not} 33... Qxh5 34. Qb4 Ra2+ 35. Rc2 Rxc2+ 36. Kxc2 $17) (33... gxh5 34. Nf4 Qd4 35. Ne2 $11) (33... Be5 $142 {Strongly threatening ...Rb3.} 34. Ke3 g5) 34. f4 $19 Qxh5 (34... Qxg2 35. Qb4 Ra2+ 36. Rc2 Rxc2+ 37. Kxc2 $17) 35. Qb4 Ra2+ 36. Rc2 Rxc2+ 37. Kxc2 Qd5 38. g3 e6 39. Qa3 Qc6+ $1 40. Kd1 Bf6 41. Qb4 Kg7 42. g4 Qf3 43. Qxd6 Qxg4 (43... h5 {looks sharper.} 44. gxh5 gxh5 45. Kc2 h4) 44. Qxa6 b4 45. Qc4 (45. Qb7 $142) 45... h5 ({Better is} 45... Qf3 46. Kd2 Qb7) 46. Qxb4 $17 {[%emt 0:00:02] [#]} h4 $1 47. Qe4 {[%emt 0:00:02] [#]} (47. Qb7 $17) 47... h3 $1 $19 48. Qh1 Be7 (48... e5 $142 49. Qe4 h2 50. fxe5 Qg1+ 51. Nxg1 hxg1=Q+ 52. Qe1 Qg4+ 53. Kc2 Qa4+ 54. Kb2 Be7) 49. Be4 $17 Bd6 (49... Qh4 $17 50. Qe1 Qh8 51. Qc3+ Bf6) 50. Qf3 (50. Qg1 $11 Qxg1+ 51. Nxg1) 50... Qh4 $17 (50... Qxf3 {simplifies} 51. Bxf3 Kf6 52. Bg4 h2) 51. Kd2 (51. Qc3+ $17 Kg8 52. Qg3 Qxg3 53. Nxg3) 51... h2 $19 52. Kd3 f5 53. Ba8 e5 $2 (53... Qe1 $19 {Hoping for ...Qb1+.} 54. Qb7+ Kf6 55. Qb2+ e5 56. fxe5+ Bxe5) 54. fxe5 Bxe5 55. Qg2 (55. Qd5 $11 Ba1 56. Qc6) 55... Qa4 $17 56. Qb7+ Kh6 57. Qc6 $2 (57. Kd2 $17) 57... Qb3+ $2 (57... Qd1+ $19 58. Ke3 Bb8) 58. Kd2 $15 Qb2+ (58... Qb4+ $15 {is more appropriate.} 59. Kc2 Qa3) 59. Kd3 (59. Ke1 $11 {remains equal.}) 59... Qb3+ (59... Qa3+ $17 60. Kc2 Qa7) 60. Kd2 $15 Qb2+ 61. Kd3 Qa3+ ({Wrong is} 61... Qb3+ $2 62. Kd2 $19) 62. Kd2 Qa2+ (62... Qa1 $17 {With the idea ...Bf6.} 63. Qg2 Qa5+ 64. Ke3 Qc5+ 65. Kd2 Qb4+ 66. Ke3 Qc5+ 67. Kd2 Qa5+ 68. Ke3 Qc5+) 63. Kd3 (63. Ke1 $11 {keeps the balance.}) 63... Qa7 ({Inferior is} 63... Qb3+ 64. Kd2 $17) 64. Qg2 Qa3+ 65. Kc4 $2 (65. Kd2 $17 {was called for.}) 65... Qe3 66. Bf3 Kg7 67. Kd5 $2 (67. Qf1 {was worth a try.}) 67... Kf6 $19 68. Kc4 g5 $2 ({Black should play} 68... Qd2 $19 {...Qc2+ is the strong threat.} 69. Kb5 Qd3+ 70. Kb6 g5) 69. Ba8 $2 (69. Qh3 $11) 69... g4 $19 70. Qc6+ Kg5 71. Qg2 f4 72. Qf1 (72. Nxf4 $19 Qc3+ 73. Kb5 Qb3+ 74. Kc5 Qe3+ 75. Kc4 Qc3+ 76. Kb5 Qb3+ 77. Kc5 Qe3+ 78. Kb5 Bxf4 79. Kc4) 72... f3 73. Nc1 Qg1 74. Qd3 Qxc1+ 75. Kd5 Qf4 76. Qh7 Qd4+ 77. Kc6 Qd6+ 78. Kb5 Qb8+ 79. Bb7 h1=Q 80. Qg7+ 0-1

[Event "FIDE WTC-KO 202"]
[Site "Jerusalem"]
[Date "2022.11.23"]
[Round "3.1"]
[White "Narayanan, S.L."]
[Black "Fressinet, Laurent"]
[Result "1-0"]
[ECO "D37"]
[WhiteElo "2588"]
[BlackElo "2684"]
[Annotator "TA"]
[PlyCount "129"]
[EventDate "2022.11.20"]
[EventType "team-tourn"]
[EventCountry "ISR"]
[SourceTitle "playchess.com"]
[Source "ChessBase"]
[SourceQuality "1"]
[TimeControl "180+2"]

1. d4 Nf6 2. c4 e6 3. Nf3 d5 4. Nc3 Be7 5. e3 O-O 6. b3 c5 {[%emt 0:00:08] D37: Queen's Gambit Declined: 5 Bf4.} 7. cxd5 cxd4 8. Qxd4 (8. Nxd4 {simplifies} Nxd5 9. Bb2 Qa5 10. Qd2) 8... Nxd5 {[%emt 0:00:07] Black has an edge.} 9. Nxd5 exd5 (9... Qxd5 {simplifies} 10. Qxd5 exd5 11. Bb2 Be6) 10. Bb2 Bf6 11. Qd2 Nc6 12. Be2 Bxb2 13. Qxb2 Qa5+ 14. Qd2 Qxd2+ 15. Kxd2 {[%emt 0:00:02] [#]} Rd8 $146 ({Predecessor:} 15... Bg4 16. Rhd1 Rac8 17. Rac1 Rfd8 18. h3 Be6 19. Bb5 Ne7 20. Nd4 Kf8 21. Bd3 h6 {½-½ (54) Svidler,P (2753)-Yu,Y (2759) Shenzhen 2018}) 16. Nd4 Nxd4 17. exd4 Bf5 18. g4 Be4 (18... Bd7 $14) 19. f3 Bg6 20. Rhc1 Rac8 {[%emt 0:00:03] Inhibits Rc7.} 21. b4 Kf8 22. Rc5 b6 23. Rcc1 Ke7 24. Ba6 (24. h4 $5 h5 25. Ba6 Rxc1 26. Rxc1 $14) 24... Rxc1 25. Rxc1 $14 {[%emt 0:00:01][%mdl 4096] Endgame KRB-KRB} f6 26. Bb5 Be8 27. Re1+ Kf7 28. Bd3 Bd7 29. h4 (29. Bxh7 g6 30. h4 Rh8 31. Bxg6+ Kxg6 $17) 29... g6 30. h5 Rc8 (30... gxh5 $11 {is more appropriate.} 31. gxh5 (31. Bxh7 hxg4 32. fxg4 Bxg4 $15) 31... h6) 31. b5 Re8 32. Rh1 Kg7 33. Rc1 Rc8 {[%emt 0:00:01] Inhibits Rc7.} 34. Re1 Re8 {[%emt 0:00:00] Inhibits Re7+.} 35. Rh1 Rc8 36. a4 Rb8 ({Black should play} 36... f5 $14) 37. Rc1 (37. h6+ $16 Kf8 38. Rc1) 37... Rc8 $11 38. Re1 Re8 {[%emt 0:00:01] Against Re7+} 39. Rc1 Rc8 {[%emt 0:00:00] Against Rc7} 40. Rh1 (40. Ra1 $14) 40... Rb8 $1 $16 41. h6+ $1 Kf7 42. a5 (42. Ra1 $16) 42... bxa5 $11 43. Rc1 Bxb5 44. Rc7+ Ke6 $1 45. Bxb5 Rxb5 46. Rxh7 {[%emt 0:00:01][%cal Od2c2] Black must now prevent Kc2! KR-KR} Rb2+ 47. Ke3 Rh2 48. Rh8 g5 (48... Kf7 $11 {remains equal.}) 49. h7 $16 {[%emt 0:00:01] Hoping for Re8+.} Kf7 {[%emt 0:00:00] Inhibits Re8.} 50. Ra8 Rxh7 (50... Kg7 $16) 51. Rxa7+ Kg6 52. Rxh7 $1 (52. Rxa5 Re7+ 53. Kd2 Rd7 $11) 52... Kxh7 {[%emt 0:00:00] KP-KP} 53. Kd3 Kg7 54. Kc3 $2 (54. Kc2 {mates} Kf7 55. Kb3 Ke7 56. Ka4 Kd6 57. Kxa5 Kc7 58. Kb5 Kd7 59. Kc5) 54... Kf7 55. Kb3 Ke7 56. Ka4 Kd7 57. Kxa5 $11 {[%emt 0:00:00] White threatens Kb5 and mate. K3P-K3P} Kc7 $2 {[%emt 0:00:11][%mdl 8192] [#]} (57... f5 $11 58. Kb6 (58. gxf5 Ke7 $11) 58... fxg4 59. fxg4 Kd6 60. Kb5 Ke7 61. Kc5 Ke6 62. Kc6 Ke7 63. Kxd5 Kd7) 58. Kb5 $1 Kd6 59. Kb6 {[%emt 0:00:01] Kb5 would kill now.} Kd7 $2 (59... Ke7 $11 60. Kc6 Ke6 61. Kc5 Kf7 62. Kxd5 Kg7 63. Kc6 Kg6 64. Kd7 Kf7) 60. Kc5 {[%emt 0:00:00] White mates.} Ke6 61. Kc6 f5 {[%emt 0:00:02] [#]} 62. Kc5 $1 ({Worse is} 62. gxf5+ Kxf5 63. Kxd5 Kf4 $11) 62... fxg4 63. fxg4 Ke7 64. Kxd5 Kd7 65. Ke5 {[%emt 0:00:02] Weighted Error Value: White=0.17 (very precise) /Black=0.37} 1-0

[Event "FIDE WTC-KO 202"]
[Site "Jerusalem"]
[Date "2022.11.23"]
[Round "3.1"]
[White "Lagarde, Maxime"]
[Black "Sasikiran, Krishnan"]
[Result "1-0"]
[ECO "A12"]
[WhiteElo "2573"]
[BlackElo "2577"]
[Annotator "TA"]
[PlyCount "109"]
[EventDate "2022.11.20"]
[EventType "team-tourn"]
[EventCountry "ISR"]
[SourceTitle "playchess.com"]
[Source "ChessBase"]
[SourceQuality "1"]
[WhiteTeam "France"]
[WhiteTeamCountry "FRA"]
[TimeControl "180+2"]

1. c4 c6 2. Nf3 d5 3. e3 Nf6 4. b3 Bg4 5. Bb2 Nbd7 6. h3 Bh5 7. Be2 e6 8. Nc3 a6 {[%emt 0:00:15] A12: English Opening: 1...c6 with b3 by White.} 9. d3 Bd6 10. g4 Bg6 {[%emt 0:00:10] [#] White is slightly better.} 11. h4 $5 $146 {[%emt 0:00:01][%mdl 8] An interesting novelty.} (11. g5 $14) ({Predecessor:} 11. Qc2 Qe7 12. Nh4 Ba3 13. O-O-O O-O-O 14. g5 Ne8 15. f4 Bxb2+ 16. Kxb2 Kb8 17. Bf3 {0-1 (61) Moranda,W (2593)-Schneider,I (2517) Katowice 2017}) 11... h6 12. h5 Bh7 13. g5 hxg5 14. Nxg5 Qe7 15. Qd2 {[%emt 0:00:41] [#]} (15. Nxh7 $11 Rxh7 16. d4) 15... O-O-O ({Black should try} 15... Bg6 $1 $17 16. O-O-O Bxh5) 16. O-O-O Kb8 (16... Bb4 {is more complex.} 17. Nxh7 Rxh7 18. Kb1 Rdh8) 17. Rdg1 e5 18. cxd5 cxd5 19. Nxh7 Rxh7 20. Kb1 Bb4 21. d4 Rc8 (21... Ne4 $1 $15 22. Qd3 Bxc3 23. Bxc3 Rh6) 22. Rc1 $11 Ne4 23. Qd3 Bxc3 (23... Nxf2 $2 24. Qxh7 Nxh1 25. Qxg7 $18 (25. Nxd5 Rxc1+ 26. Bxc1 Nf6 $18)) 24. Bxc3 Rxc3 (24... Nxf2 $2 25. Qxh7 Nxh1 26. Qxg7 $18) (24... Rhh8 {seems wilder.} 25. Rhf1 Rxc3 26. Rxc3 Nxc3+ 27. Qxc3 Rc8) 25. Rxc3 {[%emt 0:00:01] Strongly threatening Rc2.} Nxc3+ (25... Rh6 $5 26. Rg1 Nxc3+ 27. Qxc3 Rc6 $11) 26. Qxc3 {[%emt 0:00:01] Threatens to win with Rc1.} exd4 27. Qxd4 Qe4+ 28. Qxe4 dxe4 {[%emt 0:00:00][%mdl 4096] Endgame KRB-KRN} 29. Rh4 Nf6 30. Rf4 Kc7 ({Don't do} 30... Nxh5 31. Bxh5 (31. Rxe4 Nf6 $14) 31... Rxh5 32. Rxf7 $14) (30... Nd5 $11 31. Rg4 Rxh5) 31. Rf5 Kd6 32. Kb2 Rh8 33. Rg5 Ke7 34. a4 g6 35. hxg6 fxg6 36. Rxg6 {[%emt 0:00:09] Rg7+ is the strong threat.} Rh2 37. Bc4 {[%emt 0:00:01] Hoping for Rg7+.} Rxf2+ 38. Kc3 {[%emt 0:00:01] And now Rg7+ would win.} Kd6 (38... b5 $1 $11 {might be stronger.} 39. axb5 axb5 40. Bxb5 Nd5+ 41. Kd4 Nxe3) 39. a5 $16 Ke5 40. Rg7 (40. b4 $16) 40... Rf3 $2 {[%emt 0:00:03][%mdl 8192] [#] A mistake that costs the game.} (40... Nd5+ $1 $11 {and Black is okay.} 41. Bxd5 Kxd5) 41. Re7+ $1 $18 (41. Rxb7 Nd5+ 42. Kb2 Nxe3 $16) 41... Kf5 $2 (41... Kd6 42. Rxb7 Nd5+ 43. Kd4 Nxe3 44. Rb6+ (44. Kxe4 Nxc4 45. Kxf3 Nxa5 $14) 44... Kc7 45. Bxa6 Nc2+ 46. Kxe4 Rh3) 42. Kd4 ({Weaker is} 42. Rxb7 Rxe3+ 43. Kb2 Rh3 44. Bxa6 Rh2+ 45. Ka3 Nd5 $18) 42... Rf2 43. Rxb7 Rd2+ 44. Kc3 Rd1 45. Rb6 Nd5+ 46. Bxd5 Rxd5 47. Rxa6 {[%emt 0:00:01] KR-KR} Rd3+ 48. Kc4 Rxe3 49. Ra8 {[%emt 0:00:02] White mates.} Re1 50. a6 e3 51. Kd3 Rb1 52. a7 Rxb3+ 53. Ke2 Ra3 54. Rf8+ Ke5 55. a8=Q {[%emt 0:00:01] Weighted Error Value: White=0.14 (very precise) /Black=0.51} ({Less strong is} 55. a8=B Ra2+ 56. Kxe3 Ra3+ 57. Kd2 Ra2+ 58. Ke3 Ra3+ 59. Ke2 Ra2+ 60. Kd3 Kd6 $14) 1-0